 Dungeon Crawl Stone Soup version 0.21-a0-26-g7b23a2f (webtiles) character file.

210 kuniqs the Skirmisher (level 5, -4/28 HPs)
             Began as a Vine Stalker Fighter on May 25, 2017.
             Blown up by Ijyb (12 damage)
             ... with a wand of disintegration (?/24)
             ... on level 3 of the Dungeon.
             The game lasted 00:02:53 (1948 turns).

kuniqs the Skirmisher (Vine Stalker Fighter)        Turns: 1948, Time: 00:02:53

Health: -4/28      AC:  9    Str: 20    XL:     5   Next: 88%
Magic:  0/6        EV:  6    Int:  8    God:
Gold:   254        SH:  9    Dex: 13    Spells: 4/4 levels left

rFire    . . .     SeeInvis .   a - +0 rapier
rCold    . . .     Gourm    .   c - +0 shield
rNeg     . . .     Faith    .   q - +0 chain mail
rPois    .         Spirit   +   (no helmet)
rElec    .         Reflect  .   (no cloak)
rCorr    .         Harm     .   (no gloves)
MR       .....                  (no boots)
Stlth    ..........             (no amulet)
Regen    0.5/turn               (no ring)
MPRegen  0.1/turn               (no ring)

@: no status effects
A: fangs 2, regeneration 1, magic shield, antimagic bite, no potion heal 3, rot
immunity
a: no special abilities


You were on level 3 of the Dungeon.
You were not hungry.

You visited 1 branch of the dungeon, and saw 3 of its levels.

You collected 254 gold pieces.

Inventory:

Hand Weapons
 a - a +0 rapier (weapon)
Armour
 c - a +0 shield (worn)
 q - a +0 chain mail (worn)
Jewellery
 v - an uncursed ring of fire
Scrolls
 h - a scroll of remove curse {unknown}
 l - 2 scrolls of blinking {unknown}
 m - a scroll of immolation {unknown}
 n - a scroll of recharging {unknown}
 o - a scroll of identify {unknown}
 p - 2 scrolls of fog {unknown}
 s - a scroll of enchant weapon {unknown}
 w - 2 scrolls of amnesia {unknown}
Potions
 b - a potion of might
 e - 4 potions of curing {unknown}
 g - 2 potions of degeneration {unknown}
 i - a potion of berserk rage {unknown}
 j - a potion of resistance {unknown}
 k - 2 potions of heal wounds {unknown}
 t - a potion of lignification {unknown}
 u - a potion of magic {unknown}
 z - a potion of mutation {unknown}
Comestibles
 d - 3 bread rations
 f - 9 fruits
 x - a royal jelly


   Skills:
 + Level 3.4 Fighting
 + Level 3.1 Short Blades
 + Level 3.2 Armour
 + Level 1.6 Dodging
 + Level 3.3 Shields


You had 4 spell levels left.
You didn't know any spells.

Dungeon Overview and Level Annotations

Branches:
Dungeon (3/15)

Altars:
Hepliaklqana
Sif Muna

Annotations:
D:3 exclusion: door, Ijyb


Innate Abilities, Weirdness & Mutations

You have extremely sharp teeth.
Your natural rate of healing is unusually fast.
When hurt, damage is shared between your health and your magic reserves.
Your bite disrupts and absorbs the magic of your enemies.
Potions cannot restore your health.
You are immune to rotting.


Message History

It is a wand of disintegration (?/24).
You hit Ijyb but do no damage. You block Ijyb's attack.
Your shield and chain mail prevent you from hitting Ijyb.
Your bite misses Ijyb. Ijyb hits you but does no damage.
You puncture Ijyb! Ijyb completely misses you.
You barely miss Ijyb. Ijyb closely misses you.
You hit Ijyb but do no damage.
Ijyb screams, "Die!"
Ijyb barely misses you.
You hit Ijyb but do no damage. You bite Ijyb. You drain her power.
You feel invigorated. Ijyb barely misses you.
You hit Ijyb but do no damage. You bite Ijyb, but do no damage.
You block Ijyb's attack.
You hit Ijyb. Your bite misses Ijyb.
Ijyb zaps a wand.
You are blasted!
Ouch! That really hurt!
* * * LOW HITPOINT WARNING * * *
You block Ijyb's attack.
You miss Ijyb. You bite Ijyb, but do no damage. You block Ijyb's attack.
You barely miss Ijyb.
Ijyb zaps a wand.
You are blasted!
You die...

# ## #... #.#. ####
#... #... #..### ######
#... #g..## #....###...
######@..# ##.##..##...
#.....#..###...##.##...
#.........#.._..#.##...
#.........#.8.8.#..#...
#.....#...###+###..##.#
#########.# ... #.....#
#.##...##..#.##
#.##≈≈≈##......
#.##.oo##.....#


You could see Ijyb.

Vanquished Creatures
  An orc priest (D:3)
  A worker ant (D:3)
  A worker ant zombie (D:3)
  5 adders
  4 worms
  2 leopard geckos
  8 orcs (D:3)
  A ball python (D:1)
  9 bats
  4 giant cockroaches
  6 goblins
  9 hobgoblins
  6 jackals
  8 kobolds
  A quokka (D:3)
  4 frilled lizards
  9 rats
79 creatures vanquished.

Notes
Turn   | Place    | Note
-------+----------+-------------------------------------------
     0 | D:1      | kuniqs the Vine Stalker Fighter began the quest for the Orb.
     0 | D:1      | Reached XP level 1. HP: 11/11 MP: 2/2
   146 | D:1      | Reached XP level 2. HP: 12/16 MP: 3/3
   419 | D:1      | Reached XP level 3. HP: 17/19 MP: 4/4
   757 | D:2      | Reached skill level 1 in Dodging
   936 | D:2      | Gained mutation: Your natural rate of healing is unusually fast. [Vine Stalker growth]
   936 | D:2      | Reached XP level 4. HP: 24/24 MP: 5/5
  1072 | D:2      | Found a hazy altar of Hepliaklqana.
  1529 | D:3      | Reached XP level 5. HP: 28/28 MP: 6/6
  1882 | D:3      | Found a deep blue altar of Sif Muna.
  1925 | D:3      | Noticed Ijyb
  1948 | D:3      | Blown up by Ijyb

Vault maps used:
D:1:      evilmike_arrival_crescent, serial_glass, glass_columns_a,
          glass_columns_a
D:2:      old_standard_altar, first_bread, minmay_domino_2
D:3:      led_sif_book, uniq_ijyb

Skill      XL: |  1  2  3  4  5 |
---------------+----------------+-----
Short Blades   | 2 3 |  3.1
Dodging        | 1 |  1.6
Fighting       | 3 |  3.4
Shields        | 3 |  3.3
Armour         | 3 |  3.2

Action                   |  1- 3 |  4- 6 || total
-------------------------+-------+-------++-------
Melee: Rapier            |   121 |   165 ||   286
       Bite              |    29 |    43 ||    72
  Eat: Chunk             |       |     4 ||     4
Armor: Scale mail        |    52 |     2 ||    54
       Chain mail        |       |    72 ||    72
Dodge: Dodged            |    29 |    30 ||    59
Block: Shield            |    62 |    69 ||   131
